 Dungeon Crawl Stone Soup version 0.31.0-12-g77e489cdc1 (webtiles) character file.

Game seed: 15113723521860841185

310 Logoto the Firebug (level 6, -3/47 HPs)
             Began as a Hill Orc Fire Elementalist on Feb 19, 2024.
             Was a Follower of Beogh.
             Slain by an ogre
             ... wielding a +0 giant spiked club
              (27 damage)
             ... on level 4 of the Dungeon.
             The game lasted 00:16:05 (4331 turns).

Logoto the Firebug (Hill Orc Fire Elementalist)     Turns: 4331, Time: 00:16:06

Health: -3/47      AC: 13    Str: 13      XL:     6   Next: 41%
Magic:  9/9        EV: 11    Int: 12 (15) God:    Beogh [*.....]
Gold:   266        SH:  0    Dex: 13 (15) Spells: 7/10 levels left

rFire   + . .        h - +0 war axe
rCold   . . .        (no shield)
rNeg    . . .        i - +4 ring mail of the Pits of Slime {Harm Regen+ Dex+4}
rPois   .            (no helmet)
rElec   .            (no cloak)
rCorr   +            (no gloves)
SInv    .            (no boots)
Will    +....        n - amulet of the acrobat
Stlth   ++           p - +4 ring of protection
HPRegen 1.07/turn    x - ring "Iliesham" {rF+ Will+ rCorr Stlth+}
MPRegen 0.11/turn

%: harm (+30% outgoing, +20% incoming), acrobat
@: no status effects
A: no striking features
a: Renounce Religion


You were on level 4 of the Dungeon.
You worshipped Beogh.
Beogh was aware of your devotion.
You visited 1 branch of the dungeon, and saw 4 of its levels.

You collected 266 gold pieces.

Inventory:

Hand Weapons
 f - a +0 short sword of protection
 h - a +0 war axe (weapon)
 k - a +4 dagger
Missiles
 m - a throwing net
Armour
 c - an orb of light
 i - the +4 ring mail of the Pits of Slime (worn) {Harm Regen+ Dex+4}
   (You found it on level 2 of the Dungeon)

   Dex+4:     It affects your dexterity (+4).
   Regen+:    It increases your rate of health regeneration.
   Harm:      It increases damage dealt and taken.
 v - an orb of energy
Magical Staves
 e - a staff of earth
Jewellery
 a - a ring of poison resistance
 n - an amulet of the acrobat (around neck)
 p - a +4 ring of protection (left hand)
 x - the ring "Iliesham" (right hand) {rF+ Will+ rCorr Stlth+}
   (You took it off a hobgoblin on level 4 of the Dungeon)

   [ring of resist corrosion]

   rF+:       It protects you from fire.
   Will+:     It increases your willpower.
   rCorr:     It protects you from acid and corrosion.
   Stlth+:    It makes you more stealthy.
Wands
 t - a wand of polymorph (8)
Scrolls
 g - a scroll of silence {unknown}
 j - a scroll of teleportation {unknown}
 l - a scroll of enchant weapon {unknown}
 o - 2 scrolls of identify {unknown}
 q - a scroll of brand weapon {unknown}
 r - a scroll of noise {unknown}
 s - a scroll of revelation {unknown}
Potions
 b - a potion of magic
 d - a potion of haste {unknown}
 u - a potion of lignification {unknown}
 w - a potion of enlightenment {unknown}


   Skills:
 + Level 1.3 Fighting
 + Level 0.9 Short Blades
 + Level 2.2(2.3) Axes
 + Level 0.6(1.3) Maces & Flails
 + Level 1.7 Armour
 + Level 2.2 Dodging
 + Level 1.9 Stealth
 + Level 2.6 Spellcasting
 + Level 1.8 Conjurations
 + Level 4.8 Fire Magic


You had 7 spell levels left.
You knew the following spells:

 Your Spells              Type           Power      Damage    Failure   Level
a - Foxfire               Conj/Fire      36%        2x1d5     14%         1
b - Scorch                Fire           26%        2d6       11%         2

Your spell library contained the following spells:

 Spells                   Type           Power      Damage    Failure   Level
 Kiss of Death            Conj/Necr      12%        2d6       36%         1
 Inner Flame              Hex/Fire       7%         N/A       52%         3
 Volatile Blastmotes      Fire/Tloc      14%        2d11      52%         3
 Flame Wave               Conj/Fire      9%         2d6       80%         4
 Confusing Touch          Hex            1%         N/A       86%         3
 Gell's Gravitas          Tloc           1%         N/A       86%         3
 Teleport Other           Tloc           1%         N/A       86%         3
 Dispel Undead            Necr           1%         3d6       99%         4
 Dispersal                Tloc           0%         N/A       100%        6


Dungeon Overview and Level Annotations

Branches:
Dungeon (4/15)
 Temple: D:4-7

Altars:
Ashenzari

Shops:
D:1 *

Annotations:
D:3 2 runed translucent doors, Silvore's ghost, amateur DsFi


Message History

You start resting.
Magic restored.
You start waiting.
A goblin comes into view. It is wielding a +0 club.
The goblin shouts!
You start removing your armour.
You continue taking off your orb of light. x4
The goblin closely misses you.
You finish taking off your orb of light.
You slash the goblin!
You kill the goblin!
Beogh accepts your kill.
You now have 266 gold pieces (gained 11).
Things that are here:
a +0 club; 5 stones
Okay, then.
Found a helmet.
There is an escape hatch in the ceiling here.
There is an open door here.
There is an open door here.
You see here a hobgoblin skeleton.
Found a stone staircase leading down.
w - a murky brown potion You see here a ball python skeleton.
You see here a ball python skeleton.
An ogre comes into view. It is wielding a +0 giant spiked club.
The ogre moves out of view.
Found a fizzy clear potion.
You hit the ogre.
The ogre is lightly wounded.
The ogre misses you.
You barely miss the ogre.
The ogre is lightly wounded.
The ogre hits you with a +0 giant spiked club!!
Ouch! That really hurt!
You barely miss the ogre.
The ogre is lightly wounded.
The ogre hits you with a +0 giant spiked club!!
Ouch! That really hurt!
You die...

##.#...###....#.................#
##.....##..................##..##
.......###.................##...#
#..##...##)...............###...#
#...##......##............. ##..#
.#...###...####.#......... ####
......#....####.##>.......
...รท.........##..# ....
.....#......####@# .#.
........#.......O# #
........###.......
........[##........
......#...........##
.##...##...!.#...## . ##.##
#....##..# ##. ####


You could see an ogre.

Vanquished Creatures
  Menkaure (D:4)
  A hound (D:4)
  4 gnolls
  3 adders
  2 ribbon worms (D:2)
  3 orcs (D:4)
  8 ball pythons
  5 bats
  9 endoplasms
  9 giant cockroaches
  3 goblins
  7 hobgoblins
  2 jackals (D:2)
  8 kobolds
  7 quokkas
  4 frilled lizards
  3 rats
79 creatures vanquished.

Vanquished Creatures (others)
  A ribbon worm (D:3)
  60 foxfires
61 creatures vanquished.

Grand Total: 140 creatures vanquished

Notes
Turn   | Place    | Note
-------+----------+-------------------------------------------
     0 | D:1      | Logoto the Hill Orc Fire Elementalist began the quest for
                  | the Orb.
     0 | D:1      | Reached XP level 1. HP: 14/14 MP: 3/3
   282 | D:1      | Found Nuterao's Assorted Antiques.
   348 | D:1      | Reached XP level 2. HP: 13/20 MP: 4/4
   593 | D:1      | Reached skill level 4 in Fire Magic
   739 | D:1      | Reached XP level 3. HP: 24/26 MP: 1/5
   996 | D:1      | Learned a level 2 spell: Scorch
  1272 | D:2      | Identified the +4 ring mail of the Pits of Slime {Harm
                  | Regen+ Dex+4}
  1845 | D:2      | Found a faded altar of an unknown god.
  1946 | D:2      | Reached XP level 4. HP: 34/34 MP: 0/6
  2260 | D:3      | Became a worshipper of Beogh the Brigand
  2340 | D:3      | Found a broken altar of Ashenzari.
  2654 | D:3      | Found a large runed translucent door.
  2655 | D:3      | Found a large runed translucent door.
  2672 | D:3      | Noticed Silvore's ghost (amateur DsFi)
  3362 | D:4      | Reached skill level 1 in Armour
  3362 | D:4      | Reached XP level 5. HP: 39/39 MP: 8/8
  3369 | D:4      | Reached skill level 1 in Axes
  3423 | D:4      | Reached skill level 1 in Fighting
  3812 | D:4      | Reached * piety under Beogh
  3832 | D:4      | Identified the ring "Iliesham" {rF+ Will+ rCorr Stlth+}
  3881 | D:4      | Noticed Menkaure
  4108 | D:4      | Killed Menkaure
  4109 | D:4      | Reached XP level 6. HP: 9/47 MP: 0/9
  4331 | D:4      | Slain by an ogre

Illustrated notes

Levels and vault maps discovered:
D:1:      eino_arrival_cavern_a, layout_basic, serial_shops, shop,
          hangedman_glass_teeth, roderic_lattice_a,
          nicolae_concentric_dashed_squares_wild, minivault_5,
          minmay_small_reverse_x
D:2:      layout_loops_ring, nicolae_ecumenical_lake_church,
          cheibrodos_gnoll_hut
D:3:      layout_basic, mainiacjoe_overflow_24_doors,
          ebering_ghost_disaster_area
D:4:      minmay_opposing_rooms, layout_cave_pools, kennysheep_another_room,
          feat_on_display, uniq_menkaure

Skill      XL: |  1  2  3  4  5 |
---------------+----------------+-----
Fire Magic     | 4 |  4.8
Dodging        | 2 |  2.2
Spellcasting   | 2 |  2.6
Armour         | 1 |  1.7
Axes           | 2 |  2.2
Fighting       | 1 |  1.3
Short Blades   | |  0.9
Maces & Flails | |  0.6
Stealth        | |  1.9
Conjurations   | |  1.8

Action                     |  1- 3 |  4- 6 || total
---------------------------+-------+-------++-------
  Melee: Short sword       |    48 |       ||    48
         Unarmed           |     5 |       ||     5
         Flail             |     3 |       ||     3
         War axe           |    26 |    49 ||    75
   Cast: Foxfire           |    15 |    19 ||    34
         Scorch            |     5 |    16 ||    21
 Invoke: Convert to Beogh  |       |     1 ||     1
    Use: Potion            |       |     1 ||     1
 Armour: Robe              |    39 |       ||    39
         Ring mail         |    20 |    47 ||    67
  Dodge: Dodged            |    58 |    45 ||   103
